AoeStats
← victordh91

Black Forest

504011628Analyzed
1v1 RM · 28d ago on Sep 3, 2026· 36m 20s· 2 players
Game mode
Random Map
Map size
Tiny (2 player)
Population
200
Speed
Normal
Resources
Standard
Victory
Conquest
Starting age
Dark Age
Ending age
Imperial Age
RankedLock teamsTeams togetherTeam positionsShared explorationLock speedFull tech treeHidden civsTurbo modeCheats
Victory
Defeat
🇭🇰 Teutons · Hong Kong SAR China
826
+17
🇳🇱 Mongols · Netherlands
854
-17
o()o
0:36 Loom
11:32 Feudal Age
15:11 Castle Age
14:40 Double-Bit Axe
14:36 Horse Collar
17:08 Bow Saw
20:25 Heavy Plow
21:46 Stone Mining
22:08 Town Watch
22:51 Gold Mining
24:15 Wheelbarrow
26:42 Ironclad
27:32 Ironclad
29:43 Imperial Age
26:41 Pikeman
27:39 Forging
27:50 Scale Mail Armor
28:08 Squires
27:53 Arson
29:03 Iron Casting
29:28 Town Patrol
29:46 Hand Cart
29:46 Hand Cart
29:58 Chain Mail Armor
29:45 Onager
30:59 Guilds
32:22 Blast Furnace
31:53 Plate Mail Armor
30:54 Halberdier
32:54 Chemistry
34:33 Plate Mail Armor
34:07 Fletching
36:23 Conscription
36:52 Bodkin Arrow
victordh91
9:44 Feudal Age
15:35 Castle Age
14:04 Double-Bit Axe
19:30 Horse Collar
23:28 Bow Saw
25:03 Wheelbarrow
25:23 Gold Mining
25:55 Fletching
26:15 Husbandry
27:24 Bloodlines
28:04 Hand Cart
27:57 Bodkin Arrow
32:43 Imperial Age
30:52 Ballistics
30:42 Squires
30:53 Scale Barding Armor
31:00 Forging
30:51 Padded Archer Armor
31:46 Gold Shaft Mining
31:06 Light Cavalry
31:46 Murder Holes
32:55 Thumb Ring
32:50 Hussar
35:11 Loom
35:52 Bracer
36:07 Leather Archer Armor
35:53 Scale Mail Armor
36:15 Chain Barding Armor
Connection lost

Rejoining the realm…

Still unreachable

The connection could not be restored.

Session expired

The server has moved on; the page needs a fresh start.